 Dungeon Crawl Stone Soup version 0.19-a0-628-g9200b3b (webtiles) character file.

294 georgeearnest the Skirmisher (level 6, -3/56 HPs)
             Began as a Hill Orc Fighter on June 13, 2016.
             Killed from afar by an orc wizard (7 damage)
             ... with a magic dart
             ... on level 4 of the Dungeon.
             The game lasted 00:05:12 (4953 turns).

georgeearnest the Skirmisher (Hill Orc Fighter)     Turns: 4953, Time: 00:05:13

Health: -3/56      AC:  7    Str: 19 (21) XL:     6   Next: 33%
Magic:  6/6        EV:  8    Int:  6 (8)  God:
Gold:   242        SH:  9    Dex:  7 (10) Spells: 0 memorised, 5 levels left

rFire  . . .     SeeInvis .     a - +0 war axe
rCold  . . .     Gourm    .     b - +0 scale mail
rNeg   . . .     Faith    .     c - +0 shield
rPois  .         Spirit   .     (no helmet)
rElec  .         Dismiss  .     (no cloak)
rCorr  .         Reflect  .     (no gloves)
SustAt .         Harm     .     (no boots)
MR     .....                    (no amulet)
Stlth  ..........               (no ring)
                                (no ring)

@: lethally poisoned (-3 -> -7), not resistant to hostile enchantments,
extremely unstealthy
A: no striking features
a: no special abilities


You were on level 4 of the Dungeon.
You were not hungry.

You visited 1 branch of the dungeon, and saw 6 of its levels.

You collected 242 gold pieces.

Inventory:

Hand Weapons
 a - a +0 war axe (weapon)
Armour
 b - a +0 scale mail (worn)
 c - a +0 shield (worn)
Jewellery
 q - a cursed ring of loudness {unknown}
 r - an uncursed ring of protection from cold {unknown}
Scrolls
 d - a scroll of enchant armour {unknown}
 e - 3 scrolls of magic mapping {unknown}
 h - 4 scrolls of remove curse {unknown}
 j - 8 scrolls of identify {unknown}
 k - a scroll of random uselessness {unknown}
 p - a scroll of teleportation {unknown}
Potions
 n - a potion of heal wounds {unknown}
Comestibles
 f - a bread ration
 l - a royal jelly
 o - a slice of pizza


   Skills:
 + Level 5.1 Fighting
 + Level 4.3 Axes
 + Level 4.4 Armour
 + Level 1.8 Dodging
 + Level 4.4 Shields


You had 5 spell levels left.
You didn't know any spells.

Dungeon Overview and Level Annotations

Branches:
Dungeon (6/15)
 Temple: D:4-7

Altars:
Ashenzari
Fedhas
Hepliaklqana
Qazlal


Message History

The orc wizard points at you and mumbles some strange words.
The puff of frost hits you!
* * * LOW HITPOINT WARNING * * *
The orc wizard gestures wildly while chanting.
The orc wizard flickers and vanishes!
Deactivating autopickup; reactivate with Ctrl-A.
It was a potion of cure mutation.
It has a very clean taste.
You no longer feel heat resistant.
You feel genetically unstable.
* * * LOW HITPOINT WARNING * * *
You feel sick. You block the adder's attack.
The adder bites you but does no damage.
The orc wizard hits you but does no damage.
It was a potion of degeneration.
There was something very wrong with that liquid.
You feel weakened.
You feel dopey.
You feel clumsy.
* * * LOW HITPOINT WARNING * * *
You feel sick. You block the adder's attack.
The orc wizard points at you and mumbles some strange words.
The magic dart hits you!
You die...

.....
##....
......#
.......
.......
.......
...o...##
...o...@#
......oS#
.#.....o.
#.....###
.......
.......
...##+#
...


You could see an orc wizard, an adder and 3 orcs.

Vanquished Creatures
  A sky beast (D:5)
  A giant frog skeleton (D:5)
  A hound (D:5)
  Natasha (D:2)
  A worker ant (D:5)
  2 adders
  An ooze (D:3)
  5 giant geckos
  An orc (D:5)
  6 bats
  2 giant cockroaches
  10 goblins
  5 hobgoblins
  A quokka (D:5)
  2 ball pythons
  5 giant newts
  A goblin zombie (D:5)
  9 kobolds
  6 rats
  A rat zombie (D:5)
62 creatures vanquished.

Notes
Turn   | Place    | Note
--------------------------------------------------------------
     0 | D:1      | georgeearnest the Hill Orc Fighter began the quest for the Orb.
     0 | D:1      | Reached XP level 1. HP: 19/19 MP: 1/1
   100 | D:1      | Reached XP level 2. HP: 27/27 MP: 2/2
   147 | D:1      | Reached skill level 4 in Fighting
   222 | D:1      | Reached XP level 3. HP: 33/33 MP: 3/3
   740 | D:2      | Found a faded altar of an unknown god.
   876 | D:2      | Found a shattered altar of Ashenzari.
   970 | D:2      | Found a stormy altar of Qazlal.
  1150 | D:2      | Noticed Natasha
  1172 | D:2      | Killed Natasha
  1172 | D:2      | Reached skill level 1 in Dodging
  1172 | D:2      | Reached XP level 4. HP: 4/41 MP: 4/4
  1789 | D:2      | Found a blossoming altar of Fedhas.
  2602 | D:3      | You fall through a shaft for 2 floors!
  2602 | D:5      | Entered Level 5 of the Dungeon
  2683 | D:5      | Reached XP level 5. HP: 17/47 MP: 5/5
  2718 | D:5      | HP: 2/47 [poisoned by a worker ant]
  3104 | D:5      | Found a hazy altar of Hepliaklqana.
  4273 | D:5      | Noticed a sky beast
  4316 | D:5      | Killed a sky beast
  4316 | D:5      | Reached skill level 5 in Fighting
  4316 | D:5      | Reached XP level 6. HP: 8/56 MP: 6/6
  4855 | D:6      | Noticed an orc warrior
  4859 | D:6      | Noticed an orc warrior
  4951 | D:4      | Gained mutation: You are somewhat resistant to further mutation. [potion of mutation]
  4951 | D:4      | Gained mutation: Your flesh is heat resistant. (rF+) [potion of mutation]
  4952 | D:4      | Lost mutation: Your flesh is heat resistant. (rF+) [potion of cure mutation]
  4952 | D:4      | Lost mutation: You are somewhat resistant to further mutation. [potion of cure mutation]
  4953 | D:4      | Killed from afar by an orc wizard

Vault maps used:
D:1:      minmay_arrival_radiant_lines, minmay_misc_feat_encased
D:2:      grunt_temple_overflow_forces_of_nature, ashenzari_conservatory_becter,
          first_bread, ecumenical_altar_2, nrook_uturn,
          roderic_cross_of_infinity, minmay_lizard_king, uniq_natasha
D:4:      serial_shops, shop, uniq_grinder
D:5:      kennysheep_little_box, enter_ossuary_4
D:6:      old_standard_altar, lemuel_round_altar, kennysheep_generic_room_9,
          uniq_edmund, uniq_pikel

Skill      XL: |  1  2  3  4  5 |
---------------+----------------+-----
Fighting       | 4 5 |  5.1
Axes           | 3 4 |  4.3
Dodging        | 1 |  1.8
Shields        | 4 |  4.4
Armour         | 4 |  4.4

Action                   |  1- 3 |  4- 6 || total
-------------------------+-------+-------++-------
Melee: War axe           |   108 |   129 ||   237
  Use: Potion            |     3 |     3 ||     6
  Eat: Bread ration      |     1 |     2 ||     3
Armor: Scale mail        |    46 |    74 ||   120
Dodge: Dodged            |    37 |    35 ||    72
Block: Shield            |    54 |    62 ||   116
